AoeStats
← leedog64

African Clearing

510379970Analyzed
3v3 RM · 13h ago on Sep 30, 2026· 19m 55s· 6 players
Game mode
Random Map
Map size
Normal (6 player)
Population
200
Speed
Normal
Resources
Standard
Victory
Conquest
Starting age
Dark Age
Ending age
Imperial Age
RankedLock teamsTeams togetherTeam positionsShared explorationLock speedFull tech treeHidden civsTurbo modeCheats
Victory
Defeat
🇨🇦 Franks · Canada
1280
+13
🇲🇽 Huns · Mexico
1235
+15
🇺🇸 Mongols · United States
1149
+20
🇩🇪 Mongols · Germany
1259
-18
🇫🇷 Vietnamese · France
1198
-15
🇧🇪 Cumans · Belgium
1198
-15
Sun
10:01 Loom
12:52 Feudal Age
IneedMoney$
10:27 Loom
12:43 Feudal Age
13:37 Double-Bit Axe
14:18 Horse Collar
19:55 Fletching
Bartos
13:20 Feudal Age
13:18 Loom
victorH
8:01 Loom
13:19 Feudal Age
18:04 Castle Age
leedog64
12:14 Feudal Age
11:16 Loom
13:40 Forging
16:05 Scale Barding Armor
20:14 Bloodlines
VP789
10:25 Loom
12:29 Feudal Age
13:31 Double-Bit Axe
15:21 Scale Barding Armor
15:30 Forging
17:52 Scale Barding Armor
Connection lost

Rejoining the realm…

Still unreachable

The connection could not be restored.

Session expired

The server has moved on; the page needs a fresh start.